 Dungeon Crawl Stone Soup version 0.18-a0-1147-g8e8348b (webtiles) character file.

26 Mysteryquy the Slasher (level 3, -3/34 HPs)
             Began as a Naga Chaos Knight on Jan 22, 2016.
             Slain by Sigmund
             ... wielding a +0 scythe
              (10 damage)
             ... on level 2 of the Dungeon.
             The game lasted 00:00:59 (743 turns).

Mysteryquy the Slasher (Naga Chaos Knight)           Turns: 743, Time: 00:00:59

Health: -3/34      AC:  4    Str: 15    XL:     3   Next: 8%
Magic:  3/3        EV:  9    Int: 12    God:    Xom [..*...]
Gold:   39         SH:  0    Dex: 10    Spells: 0 memorised, 2 levels left

rFire  . . .     SeeInvis +     a - +0 falchion (chaos)
rCold  . . .     Gourm    .     b - +2 leather armour
rNeg   . . .     Faith    .     (no shield)
rPois  +         Spirit   .     (no helmet)
rElec  .         Dismiss  .     (no cloak)
rCorr  .         Reflect  .     (no gloves)
SustAt .         Harm     .     (no barding)
MR     .....                    (no amulet)
Stlth  +.........               (no ring)
                                (no ring)

@: short of breath, very slow, not resistant to hostile enchantments, very
unstealthy
A: see invisible, deformed body, poison resistance, slowness 2, slow metabolism
1, spit poison 2, AC +1
a: Spit Poison, Renounce Religion


You were on level 2 of the Dungeon.
You worshipped Xom.
You were a toy of Xom.
You were not hungry.

You visited 1 branch of the dungeon, and saw 2 of its levels.

You collected 39 gold pieces.

Inventory:

Hand Weapons
 a - a +0 falchion of chaos (weapon)
Armour
 b - a +2 leather armour (worn)
Jewellery
 i - a +6 ring of protection {unknown}
Scrolls
 d - a scroll of teleportation {unknown}
 e - a scroll of noise {unknown}
 l - a scroll of enchant armour {unknown}
 m - 3 scrolls of identify {unknown}
 o - a scroll of remove curse {unknown}
Potions
 f - a potion of magic {unknown}
 g - a potion of lignification {unknown}
 h - a potion of agility {unknown}
 j - a potion of flight {unknown}
 n - a potion of resistance {unknown}
Comestibles
 c - a bread ration
 k - a slice of pizza


   Skills:
 - Level 3.0 Fighting
 + Level 4.1 Long Blades
 - Level 1.5 Armour
 - Level 0.7 Dodging


You had 2 spell levels left.
You didn't know any spells.

Dungeon Overview and Level Annotations

Branches:
Dungeon (2/15)

Altars:
Ashenzari

Annotations:
D:2 Sigmund


Innate Abilities, Weirdness & Mutations

You cannot wear boots.
Your serpentine skin is tough (AC +1).
You have supernaturally acute eyesight.
Armour fits poorly on your strangely shaped body.
Your system is resistant to poisons.
You cover ground very slowly.
You have a slow metabolism.
You can spit poison.


Message History

You are too confused!
You are too confused!
You are too confused!
You are too confused!
You bump into the rock wall.
Sigmund barely misses you.
You bump into the rock wall.
You bump into the rock wall.
Sigmund barely misses you.
You bump into the rock wall.
Sigmund hits you with a scythe!
* * * LOW HITPOINT WARNING * * *
You bump into the rock wall.
You feel less confused. Sigmund closely misses you.
Press: ? - help, Shift-Dir - straight line, f/p - Sigmund
Aim: Sigmund, wielding a scythe and wearing a robe (moderately wounded)
The splash of poison hits Sigmund.
Sigmund is poisoned.
Sigmund is heavily wounded.
You feel slightly more hungry.
Sigmund hits you from afar with a scythe!
You die...
Xom laughs nastily!

#....†####..#
#####.......#
#.#.#####.#
#....# #.#
#.###.# #.# #.# #
#.# #.###.##.#
#.# #........#
#.######@.##.....
#.....@..........
#################


You could see Sigmund.

Vanquished Creatures
  An adder (D:2)
  A ball python (D:1)
  4 bats
  A giant cockroach (D:1)
  2 hobgoblins (D:1)
  4 kobolds (D:1)
  A giant newt (D:1)
  3 rats (D:1)
17 creatures vanquished.

Notes
Turn   | Place    | Note
--------------------------------------------------------------
     0 | D:1      | Mysteryquy the Naga Chaos Knight began the quest for the Orb.
     0 | D:1      | Reached XP level 1. HP: 21/21 MP: 1/1
   234 | D:1      | Reached XP level 2. HP: 28/28 MP: 2/2
   571 | D:1      | XOM: harmless Summ miscast
   701 | D:2      | Found a shattered altar of Ashenzari.
   720 | D:2      | Reached skill level 4 in Long Blades
   720 | D:2      | Reached XP level 3. HP: 30/34 MP: 3/3
   730 | D:2      | Noticed Sigmund
   743 | D:2      | Slain by Sigmund

Vault maps used:
D:1:      dpeg_arrival_boxes_within_box
D:2:      nicolae_overflow_hidden_temple, gammafunk_temple_overflow_statue,
          nicolae_overflow_crystal_walls, uniq_sigmund

Action                   || total
-------------------------++-------
Melee: Falchion          ||    47
 Abil: Spit Poison       ||     2
